 Dungeon Crawl Stone Soup version 0.31-a0-331-geda263fcf1 (webtiles) character file.

Game seed: 14943144443432175267

3738 Shard1697 the Summoner (level 9, -13/108 (111) HPs)
             Began as a Red Draconian Ice Elementalist on July 20, 2023.
             Was a Follower of Okawaru.
             Mangled by a neqoxec (14 damage)
             ... summoned by a kobold demonologist
             ... on level 8 of the Dungeon.
             The game lasted 00:13:34 (7479 turns).

Shard1697 the Summoner (DrIE)                       Turns: 7479, Time: 00:13:35

HP:   -13/108 (111) AC: -4    Str: 12    XL:     9   Next: 93%
MP:   15/15         EV: 15    Int: 17    God:    Okawaru [*.....]
Gold: 498           SH:  9    Dex: 13    Spells: 6/17 levels left

rFire   + . .        o - +0 broad axe
rCold   . . .        c - +0 kite shield
rNeg    . . .        (body armour unavailable)
rPois   +            (helmet restricted)
rElec   .            (no cloak)
rCorr   .            h - +1 pair of gloves
SInv    .            n - +2 pair of boots {Stlth+}
Will    .....        (no amulet) Stlth
                     l - +5 ring of evasion
HPRegen 0.38/turn    m - ring of poison resistance
MPRegen 0.14/turn

%: no passive effects
@: berserking (expiring), corroded, lightly drained, very quick
A: breathe fire, AC +7, unfitting armour, fire resistance 1, cold-blooded
a: Breathe Fire, Renounce Religion, Heroism


You were on level 8 of the Dungeon.
You worshipped Okawaru.
Okawaru was aware of your devotion.
You visited 2 branches of the dungeon, and saw 10 of its levels.

You collected 498 gold pieces.

Inventory:

Hand Weapons
 o - a +0 broad axe (weapon)
Armour
 c - a +0 kite shield (worn)
 e - a +0 buckler
 h - a +1 pair of gloves (worn)
 n - a +2 pair of boots of stealth (worn)
Jewellery
 l - a +5 ring of evasion (left hand)
 m - a ring of poison resistance (right hand)
 p - a ring of ice
 r - a ring of fire
Wands
 j - a wand of charming (7)
Scrolls
 f - 6 scrolls of identify
 k - 2 scrolls of teleportation
 s - a scroll of amnesia {unknown}
Potions
 a - a potion of magic
 b - a potion of mutation
 d - a potion of might
 i - 3 potions of curing
 q - a potion of resistance {unknown}
 t - a potion of lignification {unknown}


   Skills:
 + Level 5.2 Fighting
 * Level 6.2 Axes
 - Level 1.7 Dodging
 - Level 1.7 Stealth
 + Level 4.2 Shields
 - Level 4.5 Spellcasting
 - Level 8.5 Summonings
 - Level 5.0 Ice Magic
 * Level 1.3 Invocations


You had 6 spell levels left.
You knew the following spells:

 Your Spells              Type           Power      Damage    Failure   Level
a - Freeze                Ice            84%        1d9       7%          1
b - Frozen Ramparts       Ice            42%        1d7       21%         3
c - Ozocubu's Armour      Ice            21%        N/A       21%         3
t - Summon Ice Beast      Ice/Summ       27%        N/A       32%         4

Your spell library contained the following spells:

 Spells                   Type           Power      Damage    Failure   Level
 Ensorcelled Hibernation  Hex/Ice        24%        N/A       28%         2
 Necrotise                Necr           12%        1d4       47%         1
 Hailstorm                Conj/Ice       12%        3d5       50%         3
 Vampiric Draining        Necr           3%         2d6       85%         3
 Anguish                  Hex/Necr       1%         N/A       99%         4
 Passage of Golubria      Tloc           3%         N/A       99%         4
 Agony                    Necr           3%         N/A       100%        5
 Yara's Violent Unravell  Hex/Tmut       1%         3d3       100%        5
 Tukima's Dance           Hex            Unusable   N/A       N/A         3

Dungeon Overview and Level Annotations

Branches:
Dungeon (9/15)             Temple (1/1) D:7
   Lair: D:8-11         Orc: D:9-12

Altars:
Ashenzari
Cheibriados
Dithmenos
Elyvilon
Fedhas
Kikubaaqudgha
Nemelex Xobeh
Okawaru
Qazlal
Sif Muna
Trog
Uskayaw
Xom
Yredelemnul
Zin
The Shining One

Annotations:
D:4 1 runed translucent door, killozap's ghost, amateur DsNe


Innate Abilities, Weirdness & Mutations

You can breathe blasts of fire.
Your fiery red scales are hard. (AC +7)
You cannot fit into any form of body armour.
Your flesh is heat resistant. (rF+)
You are cold-blooded and may be slowed by cold attacks.


Message History

You have got your breath back.
The neqoxec hits you but does no damage.
The rust devil misses you. The chaos spawn hits you!
The chaos spawn freezes you.
The kobold demonologist hits you with a +0 dagger.
You barely miss the kobold demonologist.
The kobold demonologist is heavily wounded.
You hit the neqoxec. You closely miss the chaos spawn. You hit the rust devil.
You block the neqoxec's attack. The rust devil hits you.
* * * LOW HITPOINT WARNING * * *
The rust devil corrodes you! You block the chaos spawn's attack.
The kobold demonologist casts a spell.
You hit the kobold demonologist.
Your tail-slap misses the kobold demonologist.
The kobold demonologist is severely wounded.
You closely miss the ufetubus. You miss the crimson imp.
You barely miss the neqoxec. You barely miss the chaos spawn.
You closely miss the rust devil. The neqoxec misses you.
The rust devil hits you.
* * * LOW HITPOINT WARNING * * *
The rust devil corrodes you! The chaos spawn gores you!
* * * LOW HITPOINT WARNING * * *
You feel drained.
* * * LOW HITPOINT WARNING * * *
The ufetubus closely misses you. You block the ufetubus's attack.
The kobold demonologist barely misses you.
The crimson imp completely misses you.
You closely miss the kobold demonologist.
You tail-slap the kobold demonologist, but do no damage.
The kobold demonologist is severely wounded.
You hit the rust devil. You closely miss the ufetubus.
You hit the crimson imp but do no damage.
You closely miss the neqoxec.
You hit the chaos spawn but do no damage.
The ufetubus hits you.
* * * LOW HITPOINT WARNING * * *
You block the ufetubus's attack. The rust devil hits you!
* * * LOW HITPOINT WARNING * * *
The rust devil corrodes you! The neqoxec hits you!
You die...

#..# ##.## #..............# #.
#.## ##.## ##.......>.###..####
#.# ##.###...###....####..##
##.## #..........)..[)###...##
....### ##.............)........
......#####...........##)........
...###........#.))...###.........
..## ###.....##3>5....###........
.## ##.......K@5#...# #........
## #..##....44###..# #...####.
###.####...####..## #..## #.
##..## #...#..#.## ##..# #. #..##
##......### #..## #. ##.##
#....._.# ##.## #. #..#
##.##....# ##.## #. ##.##
###.###.#..# ##.## #.
##...###..## #.######.## ##


You could see a rust devil (summoned), a kobold demonologist, a neqoxec
(summoned), a chaos spawn (summoned), a crimson imp (summoned) and an ufetubus
(summoned).

Vanquished Creatures
  Pikel (D:5)
  A manticore (D:9)
  A kobold demonologist (D:8)
  Grinder (D:3)
  Sigmund (D:5)
  A steam dragon (D:9)
  A water moccasin (D:7)
  Duvessa (D:7)
  An ice beast (D:4)
  A black bear (D:8)
  2 sky beasts
  An ogre (D:5)
  4 lemures (D:5)
  A phantom (D:6)
  A kobold brigand (D:8)
  2 scorpions
  Dowan (D:7)
  2 electric eels (D:8)
  2 howler monkeys
  2 jellies
  5 hounds
  2 iguanas
  6 orc wizards
  Robin (D:4)
  7 adders
  4 gnolls
  A shadow imp (D:6)
  2 white imps
  2 ufetubi (D:5)
  A worm (D:3)
  3 dart slugs
  25 orcs
  3 ball pythons
  4 bats
  5 endoplasms
  3 giant cockroaches
  14 goblins
  9 hobgoblins
  2 jackals (D:1)
  4 quokkas
  4 frilled lizards
  8 kobolds
  5 rats
148 creatures vanquished.

Vanquished Creatures (collateral kills)
  A steam dragon (D:7)
  An ice beast (D:5)
  A centaur (D:6)
  An orc priest (D:5)
  2 iguanas (D:5)
  An orc (D:5)
7 creatures vanquished.

Grand Total: 155 creatures vanquished

Notes
Turn   | Place    | Note
-------+----------+-------------------------------------------
     0 | D:1      | Shard1697 the Draconian Ice Elementalist began the quest
                  | for the Orb.
     0 | D:1      | Reached XP level 1. HP: 14/14 MP: 3/3
   250 | D:1      | Reached XP level 2. HP: 18/20 MP: 5/5
   758 | D:1      | Reached XP level 3. HP: 26/26 MP: 7/7
   986 | D:2      | Learned a level 3 spell: Frozen Ramparts
   990 | D:2      | Learned a level 3 spell: Ozocubu's Armour
  1243 | D:2      | Reached XP level 4. HP: 22/33 MP: 4/8
  1326 | D:2      | Noticed a scorpion
  1330 | D:2      | Killed a scorpion
  1331 | D:2      | Reached skill level 5 in Ice Magic
  1459 | D:3      | Reached XP level 5. HP: 38/38 MP: 4/10
  1459 | D:3      | Noticed Grinder
  1493 | D:3      | Killed Grinder
  1494 | D:3      | Reached XP level 6. HP: 35/45 MP: 3/12
  1536 | D:3      | Learned a level 4 spell: Summon Ice Beast
  1656 | D:3      | You fall into a shaft and drop 3 floors!
  1682 | D:6      | Noticed a sky beast
  1682 | D:6      | Noticed an ice beast
  1697 | D:5      | Entered Level 5 of the Dungeon
  1697 | D:5      | Noticed Sigmund
  1706 | D:5      | Killed Sigmund
  1707 | D:5      | Reached skill level 3 in Summonings
  1851 | D:5      | Your scales start taking on a fiery red colour.
  1851 | D:5      | Reduced skill Ice Magic to level 5
  1851 | D:5      | Reached XP level 7. HP: 50/50 MP: 5/13
  1851 | D:5      | Gained mutation: Your flesh is heat resistant. (rF+) [Red
                  | Draconian growth]
  1981 | D:5      | Noticed Pikel
  2133 | D:5      | Reached skill level 4 in Summonings
  2161 | D:5      | Killed Pikel
  2162 | D:5      | Reached skill level 6 in Summonings
  2162 | D:5      | Reached XP level 8. HP: 55/57 MP: 10/14
  2217 | D:4      | Reached skill level 7 in Summonings
  2222 | D:4      | Noticed Robin
  2232 | D:4      | Killed Robin
  3487 | D:4      | Found a runed translucent door.
  3491 | D:4      | Noticed killozap's ghost (amateur DsNe)
  3618 | D:5      | Reached skill level 1 in Fighting
  3876 | D:5      | Reached skill level 8 in Summonings
  4218 | D:5      | Reached skill level 1 in Axes
  4355 | D:5      | Reached skill level 1 in Shields
  4786 | D:6      | Reached XP level 9. HP: 58/69 MP: 15/15
  5268 | D:7      | Found a staircase to the Ecumenical Temple.
  5273 | Temple   | Entered the Ecumenical Temple
  5281 | Temple   | Became a worshipper of Warmaster Okawaru
  5314 | D:7      | Noticed Duvessa
  5314 | D:7      | Noticed Dowan
  5331 | D:7      | Killed Duvessa
  5356 | D:7      | Killed Dowan
  6354 | D:8      | Found a basalt altar of Yredelemnul.
  6458 | D:8      | Found a shimmering altar of Xom.
  6458 | D:8      | Found a shimmering altar of Xom.
  6459 | D:8      | Found a shimmering altar of Xom.
  6459 | D:8      | Found a shimmering altar of Xom.
  6479 | D:8      | Found a shimmering altar of Xom.
  6487 | D:8      | Found a shimmering altar of Xom.
  7175 | D:9      | Reached skill level 5 in Axes
  7298 | D:9      | Noticed a manticore
  7303 | D:9      | Killed a manticore
  7373 | D:9      | Noticed a kobold demonologist
  7378 | D:9      | Noticed a kobold demonologist
  7379 | D:9      | Noticed a hellwing
  7380 | D:9      | Noticed an ice devil
  7381 | D:9      | Noticed an ice devil
  7383 | D:9      | Noticed a soul eater
  7399 | D:8      | Reached * piety under Okawaru
  7400 | D:8      | Reached skill level 5 in Fighting
  7462 | D:9      | Noticed a two-headed ogre
  7462 | D:9      | Noticed a kobold demonologist
  7467 | D:8      | Killed a kobold demonologist
  7468 | D:8      | Reached skill level 1 in Invocations
  7473 | D:8      | Noticed a rust devil
  7479 | D:8      | HP: 1/108 [rust devil[a kobold demonologist] (10)]
  7479 | D:8      | Mangled by a neqoxec

Illustrated notes

Levels and vault maps discovered:
D:1:      minmay_arrival_stone_box, layout_basic
D:2:      layout_basic, minmay_tetromino_s4
D:3:      layout_loops_cross, uniq_grinder
D:4:      layout_cave_pools, ebering_ghost_sewer_d, uniq_robin,
          uniq_crazy_yiuf_cottage
D:5:      layout_loops_ring, uniq_pikel, uniq_sigmund
D:6:      layout_cave_pools
D:7:      layout_cave_pods, minmay_temple_entry_drinking_statues, uniq_duvessa
D:8:      layout_layer_cave, xom_redecorated, mainiacjoe_overflow_alcove_1,
          fungi_pond_lemuel, minmay_misc_feat_secret_circle,
          serial_bayou_lagoon_b
D:9:      layout_basic, grunt_temple_overflow_lords_of_destruction,
          gammafunk_temple_overflow_forgotten, gammafunk_ghost_cemetery,
          serial_shops, shop
Temple:   eino_temple_lava

Skill      XL: |  1  2  3  4  5  6  7  8  9 |
---------------+----------------------------+-----
Spellcasting   | 3 4 |  4.5
Ice Magic      | 5 6 5 |  5.0
Summonings     | 3 6 8 |  8.5
Fighting       | 3 5 |  5.2
Axes           | 2 6 |  6.2
Shields        | 1 4 |  4.2
Invocations    | 1 |  1.3
Dodging        | |  1.7
Stealth        | |  1.7

Action                     |  1- 3 |  4- 6 |  7- 9 || total
---------------------------+-------+-------+-------++-------
  Melee: Dagger            |    13 |       |       ||    13
         Unarmed           |     8 |       |       ||     8
         Tailslap          |     6 |       |    34 ||    40
         Whip              |    40 |    13 |       ||    53
         Broad axe         |       |     3 |   285 ||   288
   Cast: Freeze            |    26 |    28 |    17 ||    71
         Frozen Ramparts   |     1 |     2 |    10 ||    13
         Ozocubu's Armour  |       |     1 |     2 ||     3
         Summon Ice Beast  |       |       |     8 ||     8
Ability: Breathe Fire      |       |       |    13 ||    13
    Use: Potion            |       |     3 |     4 ||     7
         Scroll            |       |     6 |     6 ||    12
   Stab: Sleeping          |     4 |     1 |     3 ||     8
         Distracted        |     1 |       |       ||     1
 Armour: Skin              |    17 |    13 |   134 ||   164
  Dodge: Dodged            |    51 |    45 |   347 ||   443
  Block: Buckler           |       |       |    22 ||    22
         Kite shield       |       |       |    80 ||    80

Table legend: (Time is in decaauts)
 A = Elapsed time spent in this place.
 B = Non-inter-level travel time spent in this place.
 C = Inter-level travel time spent in this place.
 D = Time resting spent in this place.
 E = Time spent auto-exploring this place.
 F = Levels seen in this place.
 G = Mean time per level.
                   A        B        C        D        E       F      G
               +--------+--------+--------+--------+--------+-----+--------+
         Total |   7656 |   7458 |    198 |    845 |   5000 |  10 |  765.6 |
       Dungeon |   7640 |   7449 |    191 |    845 |   5000 |   9 |  848.9 |
        Temple |     16 |      9 |      7 |      0 |      0 |   1 |   16.0 |
               +--------+--------+--------+--------+--------+-----+--------+

Top non-repeatable levels by time:
     D:5: 1663 daAuts
     D:8: 1176 daAuts
     D:1: 932 daAuts
     D:7: 851 daAuts
     D:4: 819 daAuts
     D:3: 818 daAuts
     D:6: 533 daAuts
     D:2: 520 daAuts
     D:9: 323 daAuts
  Temple: 16 daAuts
